 Dungeon Crawl Stone Soup version 0.24-a0-545-gd1b266bae6 (webtiles) character file.

Game seed: 8186000668996978557

236 Froggeryz the Chiller (level 6, 0/46 HPs)
             Began as a Naga Ice Elementalist on Aug 18, 2019.
             Was a Believer of Cheibriados.
             Slain by a gnoll
             ... wielding a +0 whip
              (4 damage)
             ... on level 3 of the Dungeon.
             The game lasted 00:07:08 (2500 turns).

Froggeryz the Chiller (Naga Ice Elementalist)       Turns: 2500, Time: 00:07:09

Health: 0/46       AC:  4    Str: 15      XL:     6   Next: 6%
Magic:  9/9        EV: 25    Int: 25 (26) God:    Cheibriados [**....]
Gold:   73         SH:  0    Dex: 15      Spells: 5/9 levels left

rFire    . . .     SeeInvis +   f - +1 dagger (venom)
rCold    . . .     Gourm    .   (no shield)
rNeg     . . .     Faith    .   a - +1 robe
rPois    +         Spirit   .   (no helmet)
rElec    .         Reflect  .   (no cloak)
rCorr    .         Harm     .   (no gloves)
MR       .....     Rnd*Tele +   (no barding)
Stlth    ++........             g - amulet of the acrobat
HPRegen  0.15/turn              (no ring)
MPRegen  0.11/turn              (no ring)

@: brilliant, marked, acrobat, very slow
A: large, see invisible, deformed body, deterioration 1, frail 1, high mp 1,
poison resistance, slowness 2, slow metabolism 1, spit poison 1, teleportitis 1,
AC +2
a: Spit Poison, Bend Time, Renounce Religion


You were on level 3 of the Dungeon.
You worshipped Cheibriados.
Cheibriados was pleased with you.
You were hungry.

You visited 1 branch of the dungeon, and saw 3 of its levels.

You collected 73 gold pieces.

Inventory:

Hand Weapons
 b - a +0 dagger of holy wrath
 f - a +1 dagger of venom (weapon)
 h - a +0 hunting sling of freezing
Missiles
 k - 84 stones (quivered)
Armour
 a - a +1 robe (worn)
Jewellery
 g - an amulet of the acrobat (around neck)
Wands
 p - a wand of flame (18)
Scrolls
 e - a scroll of remove curse
Potions
 j - a potion of brilliance
 o - a potion of flight {unknown}
 r - a potion of curing {unknown}
 s - a potion of lignification {unknown}
Comestibles
 c - 14 rations
 q - a chunk of flesh


   Skills:
 + Level 1.7 Fighting
 - Level 1.5 Dodging
 - Level 3.0 Stealth
 - Level 2.0 Spellcasting
   Level 1.0 Conjurations
 * Level 6.2 Ice Magic


You had 5 spell levels left.
You knew the following spells:

 Your Spells              Type           Power        Failure   Level  Hunger
a - Freeze                Ice            ####         1%          1    None
b - Ozocubu's Armour      Chrm/Ice       ####....     1%          3    ###....

Your spell library contained the following spells:

 Spells                   Type           Power        Failure   Level  Hunger
 Throw Frost              Conj/Ice       #####.       1%          2    ##.....
 Summon Ice Beast         Ice/Summ       ####....     3%          4    ####...
 Throw Icicle             Conj/Ice       #####...     3%          4    ####...


Dungeon Overview and Level Annotations

Branches:
Dungeon (3/15)

Altars:
Cheibriados
Nemelex Xobeh


Innate Abilities, Weirdness & Mutations

You cannot wear boots.
Your serpentine skin is tough. (AC +2)
You have supernaturally acute eyesight. (SInv)
Armour fits poorly on your strangely shaped body.
Your system is resistant to poisons. (rPois)
You cover ground very slowly.
You have a slow metabolism.
You can spit poison.
Your body sometimes deteriorates upon taking damage.
You are frail. (-10% HP)
You have an increased reservoir of magic. (+10% MP)
You are occasionally teleported next to monsters.


Message History

Okay, then.
Unknown command.
Quiver which item? (- for none, * to show all) (? for menu, Esc to quit)
Okay, then.
You are a level 6 Naga Ice Elementalist.
You are 6% of the way to level 7.
Play time: 00:07:04 (2498 turns)
You have got your breath back.
The gnoll misses you. The gnoll completely misses you. The gnoll misses you.
The jackal misses you.
Unknown command.
The gnoll completely misses you. The jackal completely misses you.
The gnoll closely misses you. The gnoll misses you. x2
The bat completely misses you.
The gnoll hums to itself desperately, trying to keep calm.
Cornered, the gnoll turns to fight!
The bat completely misses you. The bat closely misses you.
The jackal completely misses you. The gnoll misses you. x2
The gnoll closely misses you. The gnoll hits you with a +0 whip.
You die...

.#,,,,,*,,,,,,,*,,,,*,,,,,,,*,,,,
.#,*****'################**'*****
.#,*,,,*,......'....gg...,,,*,,,*
.#..,*,*,g.....#g...#...,,,,*,*,,
##'#,,,*,.....,#....#,,,,,,,*,,,#
...#############gggg######******#
ggg#...........ggg........,,,...#
####))≈≈≈)≈≈≈≈≈gghg.≈≈≈≈≈≈≈≈≈≈≈≈#
≈≈≈≈≈≈≈≈≈≈≈≈≈≈≈≈@b..≈≈≈≈≈≈≈≈≈≈≈≈≈
≈≈≈≈≈≈≈≈≈≈≈≈≈≈≈l...r≈≈≈≈≈≈≈≈≈≈≈≈≈
.........)...†............,,,,...
##÷#######.#####.....#...#,****.#
#.# #.#* #.#.#####.#,*###.# #.#
#..* #.#?..*,,..,,..... #.# ##.#
#.....#,,,,,,##... #.# *.#
#####...***,**#.## *#.#* *.#
*.##* *,* *,*


You could see a gnoll shaman, 10 gnolls, a leopard gecko, a jackal, a hobgoblin,
a bat and a rat.

Vanquished Creatures
  An orc priest (D:3)
  An orc wizard (D:3)
  4 gnolls (D:3)
  5 adders
  An ooze (D:1)
  A dart slug (D:2)
  4 leopard geckos
  4 orcs
  4 bats
  4 giant cockroaches
  6 goblins
  8 hobgoblins
  16 jackals
  2 frilled lizards
  9 kobolds
  7 rats
77 creatures vanquished.

Notes
Turn   | Place    | Note
-------+----------+-------------------------------------------
     0 | D:1      | Froggeryz the Naga Ice Elementalist began the quest for the
                  | Orb.
     0 | D:1      | Reached XP level 1. HP: 15/15 MP: 3/3
   274 | D:1      | Reached XP level 2. HP: 22/22 MP: 5/5
   437 | D:1      | Reached skill level 4 in Ice Magic
   669 | D:1      | Reached XP level 3. HP: 26/28 MP: 3/6
  1187 | D:2      | Reached XP level 4. HP: 18/36 MP: 4/7
  1216 | D:2      | Found a sparkling altar of Nemelex Xobeh.
  1229 | D:2      | Reached skill level 5 in Ice Magic
  1560 | D:2      | Found a snail-covered altar of Cheibriados.
  1575 | D:2      | Became a worshipper of Cheibriados the Contemplative
  1748 | D:3      | Reached XP level 5. HP: 21/43 MP: 5/8
  2030 | D:3      | Reached skill level 1 in Fighting
  2167 | D:3      | Reached * piety under Cheibriados
  2331 | D:3      | Learned a level 3 spell: Ozocubu's Armour
  2399 | D:3      | Reached skill level 6 in Ice Magic
  2458 | D:3      | Reached XP level 6. HP: 47/52 MP: 9/9
  2471 | D:3      | Reached ** piety under Cheibriados
  2493 | D:3      | Gained mutation: You are frail. (-10% HP) [potion of
                  | mutation]
  2493 | D:3      | Gained mutation: You are occasionally teleported next to
                  | monsters. [potion of mutation]
  2493 | D:3      | Gained mutation: Your body sometimes deteriorates upon
                  | taking damage. [potion of mutation]
  2493 | D:3      | Gained mutation: You have an increased reservoir of magic.
                  | (+10% MP) [potion of mutation]
  2500 | D:3      | Slain by a gnoll

Levels and vault maps discovered:
D:1:      dpeg_arrival_rhombus, layout_loops_ring
D:2:      layout_basic, nemelex_xobeh_ov_fountains_minmay, lemuel_crystal_altar,
          first_ration
D:3:      lemuel_castle_with_subvaults [lemuel_castle_interior_carwin_3],
          layout_loops_ring, eat_drink_and_be_merry_uskayaw, serial_glass,
          glass_columns_c, glass_columns_b, item_on_display_a,
          item_on_display_b, feat_on_display

Skill      XL: |  1  2  3  4  5 |
---------------+----------------+-----
Ice Magic      | 4 5 6 |  6.2
Fighting       | 1 |  1.7
Dodging        | |  1.5
Stealth        | |  3.0
Spellcasting   | |  2.0
Conjurations   | |  1.0

Action                   |  1- 3 |  4- 6 || total
-------------------------+-------+-------++-------
Melee: Unarmed           |     3 |       ||     3
       Dagger            |    45 |    46 ||    91
Throw: Stone             |       |     1 ||     1
 Cast: Freeze            |    21 |    37 ||    58
       Ozocubu's Armour  |       |     1 ||     1
 Abil: Spit Poison       |    12 |    25 ||    37
Evoke: Wand              |       |     1 ||     1
  Use: Potion            |     1 |     2 ||     3
       Scroll            |       |     5 ||     5
 Stab: Sleeping          |     3 |       ||     3
  Eat: Chunk             |     1 |     5 ||     6
Armor: Robe              |    12 |    20 ||    32
Dodge: Dodged            |    39 |   102 ||   141

Table legend:
 A = Non-vault XP
 B = Vault XP
 C = Vault XP percentage of total XP
 D = Non-vault monster count
 E = Vault monster count
 F = Vault count percentage of total count
                 A         B        C        D         E       F
            +---------+---------+-------+---------+---------+-------
      Total |     255 |      83 |  24.6 |      60 |      17 |  22.1
            +---------+---------+-------+---------+---------+-------
        D:1 |      51 |       0 |   0.0 |      27 |       0 |   0.0
        D:2 |     100 |       0 |   0.0 |      26 |       0 |   0.0
        D:3 |     104 |      83 |  44.4 |       7 |      17 |  70.8
            +---------+---------+-------+---------+---------+-------
